 Dungeon Crawl Stone Soup version 0.30.0 (webtiles) character file.

Game seed: 1451797076974613508

198 malesh the Shooter (level 5, 0/39 HPs)
             Began as a Barachi Hexslinger on May 10, 2023.
             Engulfed by a cloud of poison gas (9 damage)
             ... on level 2 of the Dungeon.
             The game lasted 00:04:45 (1183 turns).

malesh the Shooter (Barachi Hexslinger)             Turns: 1183, Time: 00:04:45

Health: 0/39       AC:  2    Str: 11    XL:     5   Next: 76%
Magic:  1/7        EV: 12    Int: 14    God:
Gold:   58         SH:  0    Dex: 14    Spells: 3/7 levels left

rFire   . . .        a - +1 sling
rCold   . . .        (no shield)
rNeg    . . .        c - +0 robe
rPois   .            (no helmet)
rElec   .            (no cloak)
rCorr   .            (no gloves)
SInv    .            (no boots)
Will    .....        (no amulet)
Stlth   +            (no ring)
HPRegen 0.26/turn    (no ring)
MPRegen 0.10/turn

%: no passive effects
@: brilliant, lethally poisoned (0 -> -39), on berserk cooldown, slowed, very
slow
A: amphibious, slowness 1, strong legs 1, +LOS
a: Hop


You were on level 2 of the Dungeon.
You visited 1 branch of the dungeon, and saw 2 of its levels.

You collected 58 gold pieces.

Inventory:

Hand Weapons
 a - a +1 sling (weapon)
Armour
 c - a +0 robe (worn)
Wands
 e - a wand of polymorph (6)
Scrolls
 d - a scroll of blinking
 g - a scroll of brand weapon {unknown}
 h - 2 scrolls of magic mapping
 j - 2 scrolls of identify
Potions
 k - a potion of mutation {unknown}


   Skills:
 + Level 2.5 Fighting
 + Level 4.7 Ranged Weapons
 + Level 2.3 Dodging
 - Level 0.3 Stealth
 + Level 1.8 Spellcasting
 + Level 3.8 Hexes


You had 3 spell levels left.
You knew the following spells:

 Your Spells              Type           Power      Damage    Failure   Level
a - Slow                  Hex            72%        N/A       4%          1
b - Tukima's Dance        Hex            18%        N/A       14%         3

Your spell library contained the following spells:

 Spells                   Type           Power      Damage    Failure   Level
 Inner Flame              Hex/Fire       10%        N/A       32%         3
 Portal Projectile        Hex/Tloc       20%        N/A       32%         3
 Cause Fear               Hex            9%         N/A       43%         4
 Blade Hands              Tmut           0%         N/A       100%        5


Dungeon Overview and Level Annotations

Branches:
Dungeon (2/15)

Altars:


Innate Abilities, Weirdness & Mutations

You are amphibious.
You cover ground slowly.
You can hop short distances.
You have an extended range of vision and can be seen from far away.


Message History

You shoot a sling bullet.
Your +3 scythe of protection hits something from afar!
You are confused.
Non-targeted confused fire: a) +1 sling
Press: ? - help, Dir - look around, f - activate
Okay, then.
It was a potion of berserk rage.
A red film seems to cover your vision as you go berserk!
You feel yourself moving faster!
You feel mighty!
Your +3 scythe of protection hits something from afar.
You are too berserk!
You feel a strong urge to attack something.
Unknown command.
Your +3 scythe of protection hits something from afar!
Reactivating autopickup.
You feel a bit more experienced.
Your Fighting skill increases to level 2!
Your Ranged Weapons skill gained 2 levels and is now at level 4!
You have reached level 4!
You feel clever.
You have reached level 5!
You feel your anger nearly subside.
You are engulfed in poison gas.
You are poisoned.
You are no longer berserk.
You are exhausted.
You feel yourself slow down.
You feel very sick.
You feel very sick.
You are engulfed in poison gas.
You are lethally poisoned!
You feel less confused.
* * * LOW HITPOINT WARNING * * *
You feel extremely sick.
Okay, then.
It was a potion of brilliance.
You feel clever all of a sudden.
You are engulfed in poison gas.
You are more poisoned.
You die...

....#### ....... .....##
### ...(..#+### #..
#..[.○°○... #.###
#...○○.☼... #.#..
....°°☼○..
#.#.####°.°○.....
#.#.#☼@.☼°☼.# .
#.#.##.####.☼.#######
#.#.#.............(.##
###.#.°..##########.#..##
#....°).....#.# #.##..#
#.####..###.#.# #.###..
#.# #<.##....#####.# ##.
#.# ##.#...#.......# ##
#.# #.#..########## #


There were no monsters in sight!

Vanquished Creatures
  A worm (D:2)
  2 dart slugs
  2 endoplasms
  2 giant cockroaches (D:1)
  4 hobgoblins (D:1)
  2 kobolds
  A quokka (D:2)
  A ball python (D:1)
  3 bats (D:1)
  2 frilled lizards (D:2)
  3 rats (D:1)
23 creatures vanquished.

Vanquished Creatures (collateral kills)
  Sigmund (D:2)
1 creature vanquished.

Grand Total: 24 creatures vanquished

Notes
Turn   | Place    | Note
-------+----------+-------------------------------------------
     0 | D:1      | malesh the Barachi Hexslinger began the quest for the Orb.
     0 | D:1      | Reached XP level 1. HP: 15/15 MP: 2/2
   152 | D:1      | Reached XP level 2. HP: 16/21 MP: 1/3
   845 | D:2      | Reached XP level 3. HP: 27/27 MP: 4/4
   897 | D:2      | Learned a level 3 spell: Tukima's Dance
  1168 | D:2      | Noticed Sigmund
  1179 | D:2      | Killed Sigmund
  1180 | D:2      | Reached skill level 4 in Ranged Weapons
  1180 | D:2      | Reached XP level 4. HP: 34/34 MP: 1/6
  1180 | D:2      | Reached XP level 5. HP: 39/39 MP: 1/7
  1183 | D:2      | Engulfed by a cloud of poison gas

Illustrated notes

Levels and vault maps discovered:
D:1:      dpeg_arrival_houses_and_road, layout_basic
D:2:      layout_basic, minmay_misc_feat_roman, uniq_sigmund

Skill      XL: |  1  2  3 |
---------------+----------+-----
Fighting       | 2 |  2.5
Ranged Weapons | 4 |  4.7
Dodging        | |  2.3
Stealth        | |  0.3
Spellcasting   | |  1.8
Hexes          | |  3.8

Action                     |  1- 3 |  4- 6 || total
---------------------------+-------+-------++-------
   Fire: Sling             |    68 |       ||    68
   Cast: Slow              |    12 |       ||    12
         Tukima's Dance    |     1 |       ||     1
    Use: Scroll            |     5 |       ||     5
         Potion            |     1 |     1 ||     2
 Armour: Robe              |     1 |       ||     1
  Dodge: Dodged            |    12 |       ||    12
